 Dungeon Crawl Stone Soup version 0.21-a0-538-gd16b88a (webtiles) character file.

2989 Lasiace the Fighter (level 9, 0/106 HPs)
             Began as an Ogre Gladiator on Dec 16, 2017.
             Was a Follower of Uskayaw.
             Killed from afar by Psyche (8 damage)
             ... with a puff of flame
             ... on level 8 of the Dungeon.
             The game lasted 00:48:34 (10395 turns).

Lasiace the Fighter (Ogre Gladiator)               Turns: 10395, Time: 00:48:34

Health: 0/106      AC:  6    Str: 21    XL:     9   Next: 83%
Magic:  6/12       EV: 17    Int:  9    God:    Uskayaw [*.....]
Gold:   160        SH:  0    Dex: 17    Spells: 8/8 levels left

rFire    . . .     SeeInvis .   a - +0 flail
rCold    . . .     Gourm    .   (no shield)
rNeg     . . .     Faith    .   J - +0 steam dragon scales
rPois    .         Spirit   .   D - +0 hat
rElec    .         Reflect  .   (no cloak)
rCorr    .         Harm     .   (gloves unavailable)
MR       .....     Rnd*Tele +   (boots unavailable)
Stlth    +++.......             I - amulet of rage
HPRegen  0.27/turn              (no ring)
MPRegen  0.13/turn              (no ring)

@: agile, hasted, very quick
A: large, unfitting armour, teleportitis 1, tough skin 1, subdued magic 1
a: Stomp, Renounce Religion, Evoke Berserk Rage


You were on level 8 of the Dungeon.
You worshipped Uskayaw.
Uskayaw was noncommittal.
You were hungry.

You visited 1 branch of the dungeon, and saw 8 of its levels.
You also visited: Ossuary.

You collected 342 gold pieces.
You spent 182 gold pieces at shops.

Inventory:

Hand Weapons
 a - a +0 flail (weapon)
Missiles
 b - 4 throwing nets {=f !f}
 p - 73 stones {@Q0}
 H - 38 sling bullets {@Q3}
 P - 6 tomahawks (quivered) {@Q8}
Armour
 D - a +0 hat (worn)
 J - +0 steam dragon scales (worn)
Jewellery
 I - an amulet of rage (around neck)
Wands
 v - a wand of polymorph (20)
 y - a wand of enslavement (22)
 A - a wand of flame (23)
 F - a wand of scattershot (6)
 L - a wand of iceblast (9)
Scrolls
 e - a scroll of random uselessness {unknown}
 g - 2 scrolls of immolation {unknown}
 h - a scroll of fear {unknown}
 i - 4 scrolls of teleportation {@r3}
 k - 4 scrolls of remove curse {unknown}
 l - a scroll of magic mapping {unknown}
 o - 2 scrolls of fog {unknown}
 t - a scroll of enchant armour {unknown}
 w - a scroll of blinking {unknown}
 z - a scroll of enchant weapon {unknown}
 C - 2 scrolls of holy word {unknown}
 N - a scroll of summoning {unknown}
Potions
 c - 3 potions of curing {@q2}
 j - 5 potions of haste
 m - 2 potions of agility
 n - 3 potions of flight
 q - a potion of cancellation {unknown}
 r - a potion of magic {unknown}
 s - 2 potions of lignification {!q}
 u - 2 potions of brilliance
 x - a potion of invisibility {unknown}
 G - 2 potions of might
 K - a potion of mutation {unknown}
 M - 3 potions of heal wounds {@q1}
 Q - a potion of ambrosia {unknown}
Books
 B - a book of Air

   Spells                             Type                      Level
   a - Shock                          Conjuration/Air              1
   b - Swiftness                      Charms/Air                   2
   c - Static Discharge               Conjuration/Air              3
   d - Airstrike                      Air                          4
   e - Lightning Bolt                 Conjuration/Air              5
 E - a book of Maledictions

   Spells                             Type                      Level
   a - Corona                         Hexes                        1
   b - Ensorcelled Hibernation        Hexes/Ice                    2
   c - Confuse                        Hexes                        3
   d - Tukima's Dance                 Hexes                        3
   e - Dazzling Spray                 Conjuration/Hexes            3
Comestibles
 d - 2 meat rations
 f - 8 bread rations
 O - 4 chunks of flesh
 R - a royal jelly


   Skills:
 - Level 12.0 Fighting
 - Level 8.0 Maces & Flails
 - Level 2.0 Throwing
 - Level 4.0 Dodging
 + Level 4.0 Invocations


You had 8 spell levels left.
You didn't know any spells.

Dungeon Overview and Level Annotations

Branches:
Dungeon (8/15)             Temple (0/1) D:7
   Lair: D:8-11

Altars:
Cheibriados
Elyvilon
Gozag
Trog
Uskayaw

Shops:
D:5 !   D:6 :   D:7 [

Annotations:
D:8 Psyche


Innate Abilities, Weirdness & Mutations

You are too large for most types of armour.
You have tough skin. (AC +1)
You are occasionally teleported next to monsters.
Your spells are a little easier to cast, but a little less powerful.


Message History

The howler monkey hoots and howls with incredible vigour!
Psyche hits you with a dagger of chaos.
* * * LOW HITPOINT WARNING * * *
Psyche freezes you.
* * * LOW HITPOINT WARNING * * *
You hear a howl!
You hear a shout! x3
You feel yourself speed up. The howler monkey barely misses you.
Psyche laughs secretively.
Psyche closely misses you. The gnoll hits you with a flail.
* * * LOW HITPOINT WARNING * * *
The gnoll closely misses you.
The howler monkey completely misses you.
Psyche hits you with a dagger of chaos.
* * * LOW HITPOINT WARNING * * *
You feel yourself speed up. The gnoll closely misses you.
Psyche hits you but does no damage. Psyche completely misses you.
Psyche points at you and mumbles some strange words.
The puff of flame hits you!
You die...

#.# ##. .. #.# .... #.
#.# ######...) #. #.#
##........# #.##.#
#.).?.....#
#.#..###.)........
######.#.#g....)...##..
#...>#.#.hg...###.(....
# #....#.@.@g####
.#(... #.#........### .
... #.#....##..# .. ..
#.#....##..# .# #
#......###.#### .#
##.....###....##
#...###...##..#
###..#..#####.#
##...######.#


You could see Psyche, a howler monkey and 3 gnolls.

Vanquished Creatures
  A wyvern (D:8)
  A spriggan (D:7)
  A steam dragon (D:7)
  A water moccasin (D:4)
  An orc warrior (D:7)
  2 ice beasts
  2 sky beasts
  A phantom (D:5)
  An elf zombie (Ossuary)
  2 bullfrogs
  A wyvern skeleton (D:7)
  4 scorpions
  3 crimson imps (D:5)
  4 human zombies (Ossuary)
  2 centaur zombies
  3 bullfrog skeletons
  6 hounds
  2 orc priests
  An iguana (D:7)
  Ijyb (D:5)
  6 orc wizards
  8 worker ants
  3 big kobold zombies (Ossuary)
  2 hound zombies (Ossuary)
  3 mummies (Ossuary)
  A worker ant zombie (D:5)
  4 gnolls (D:4)
  7 adders
  A shadow imp (D:5)
  2 oozes
  5 adder zombies
  3 adder skeletons
  4 worms
  3 dart slugs
  3 leopard geckos
  18 orcs
  2 ball pythons
  8 giant cockroaches
  9 goblins
  3 hobgoblins
  12 jackals
  3 quokkas
  7 bats
  5 frilled lizards
  3 goblin zombies (Ossuary)
  5 hobgoblin zombies (Ossuary)
  A jackal skeleton (D:2)
  8 kobolds
  3 kobold zombies
  2 orc zombies (Ossuary)
  6 quokka zombies
  4 rats
  3 rat zombies
197 creatures vanquished.

Notes
Turn   | Place    | Note
-------+----------+-------------------------------------------
     0 | D:1      | Lasiace the Ogre Gladiator began the quest for the Orb.
     0 | D:1      | Reached XP level 1. HP: 22/22 MP: 1/1
    86 | D:1      | Reached XP level 2. HP: 29/29 MP: 2/2
    91 | D:1      | Reached skill level 3 in Fighting
   403 | D:1      | Reached XP level 3. HP: 37/37 MP: 3/3
  1234 | D:2      | Reached XP level 4. HP: 45/45 MP: 4/4
  1329 | D:2      | Found a bloodstained altar of Trog.
  2144 | D:2      | Reached XP level 5. HP: 41/54 MP: 5/5
  2493 | D:3      | Reached skill level 4 in Fighting
  2605 | D:3      | Found a hide-covered altar of Uskayaw.
  2612 | D:3      | Became a worshipper of Uskayaw the Reveler
  2650 | D:3      | Reached * piety under Uskayaw
  2655 | D:3      | Reached ** piety under Uskayaw
  2866 | D:3      | Found a faded altar of an unknown god.
  3160 | D:4      | Reached XP level 6. HP: 63/63 MP: 6/6
  3167 | D:4      | Reached *** piety under Uskayaw
  4198 | D:5      | Entered Level 5 of the Dungeon
  4198 | D:5      | Found Cafriaku's Distillery.
  4208 | D:5      | Reached skill level 5 in Maces & Flails
  4269 | D:5      | Reached skill level 5 in Fighting
  4680 | D:5      | Noticed a phantom
  4706 | D:5      | Reached XP level 7. HP: 39/72 MP: 7/7
  4982 | D:4      | Reached skill level 6 in Fighting
  5419 | D:5      | Reached XP level 8. HP: 76/84 MP: 8/8
  5427 | D:5      | Reached **** piety under Uskayaw
  5556 | D:5      | Found an opulent altar of Gozag.
  5563 | D:5      | Noticed Ijyb
  5583 | D:5      | Killed Ijyb
  5628 | D:5      | Reached skill level 7 in Fighting
  5645 | D:5      | Bought a potion of heal wounds for 70 gold pieces
  5645 | D:5      | Bought a potion of might for 56 gold pieces
  6449 | D:6      | Found a sand-covered staircase.
  6653 | Ossuary  | Entered an ossuary
  7541 | Ossuary  | Reached skill level 8 in Fighting
  8172 | D:6      | Reached skill level 9 in Fighting
  8449 | D:5      | Reached XP level 9. HP: 96/98 MP: 9/9
  8494 | D:5      | Bought a potion of brilliance for 56 gold pieces
  8571 | D:6      | Found a white marble altar of Elyvilon.
  8846 | D:6      | Found Yvveq's Book Shop.
  9060 | D:7      | Reached skill level 10 in Fighting
  9428 | D:7      | Found Jephiam's Armour Shoppe.
  9493 | D:7      | Reached skill level 11 in Fighting
  9907 | D:7      | Found a snail-covered altar of Cheibriados.
 10022 | D:7      | Found a staircase to the Ecumenical Temple.
 10045 | D:7      | Reached skill level 12 in Fighting
 10319 | D:8      | Gained mutation: You are occasionally teleported next to monsters. [mutagenic meat]
 10321 | D:8      | Gained mutation: You are robust. (+10% HP) [mutagenic meat]
 10322 | D:8      | Lost mutation: You are robust. (+10% HP) [mutagenic meat]
 10323 | D:8      | Gained mutation: Your spells are a little easier to cast, but a little less powerful. [mutagenic meat]
 10381 | D:8      | Noticed Psyche
 10385 | D:8      | Paralysed by Psyche for 3 turns
 10395 | D:8      | Killed from afar by Psyche

Vault maps used:
D:1:      dpeg_arrival_chambers_temple_mockup
D:2:      bloody_trog, minmay_pentomino_p4
D:3:      nicolae_overflow_crystal_walls, chequers_ecumenical_altar_simple
D:4:      first_bread, kennysheep_cross_bottleneck
D:5:      grunt_gozag_statues, serial_shops, nicolae_shop_waterfront, uniq_ijyb
D:6:      kennysheep_mini, serial_shops, shop, enter_ossuary_3,
          hangedman_abyss_or_decor_stagger
D:7:      kennysheep_little_box, minmay_temple_entry_butterflies, serial_shops,
          shop_fountains, the_bakery
D:8:      uniq_psyche
Ossuary:  minmay_ossuary_two_tombs

Skill      XL: |  1  2  3  4  5  6  7  8  9 |
---------------+----------------------------+-----
Fighting       | 3 4 5 6 9 12 | 12.0
Maces & Flails | 3 4 5 6 8 |  8.0
Dodging        | 3 4 |  4.0
Invocations    | 4 |  4.0
Throwing       | |  2.0

Action                   |  1- 3 |  4- 6 |  7- 9 || total
-------------------------+-------+-------+-------++-------
Melee: Flail             |   146 |   191 |   553 ||   890
Throw: Stone             |       |    80 |    75 ||   155
       Tomahawk          |       |       |    14 ||    14
Invok: Stomp             |       |     1 |     5 ||     6
       Line Pass         |       |       |     1 ||     1
 Abil: Evoke Berserk Rag |     1 |     3 |     5 ||     9
  Use: Potion            |       |     1 |     3 ||     4
       Scroll            |       |       |     7 ||     7
 Stab: Sleeping          |     1 |     2 |       ||     3
       Paralysed         |       |     1 |     4 ||     5
  Eat: Chunk             |     2 |    10 |    16 ||    28
       Meat ration       |       |     1 |     2 ||     3
       Royal jelly       |       |       |     1 ||     1
Armor: Robe              |    47 |    34 |    69 ||   150
       Steam dragon scal |       |       |    40 ||    40
Dodge: Dodged            |    93 |   104 |   258 ||   455

Table legend:
 A = Spawn XP
 B = Non-spawn XP
 C = Spawn XP percentage of total XP
 D = Spawn monster count
 E = Non-spawn monster count
 F = Spawn count percentage of total count
 G = Total turns spent on level
                    A         B        C        D         E        F      G
               +---------+---------+-------+---------+---------+-------+---------
         Total |       0 |    4271 |   0.0 |       0 |     197 |   0.0 | 10395
               +---------+---------+-------+---------+---------+-------+---------
           D:1 |       0 |      48 |   0.0 |       0 |      28 |   0.0 |   913
           D:2 |       0 |     119 |   0.0 |       0 |      36 |   0.0 |  1566
           D:3 |       0 |      22 |   0.0 |       0 |      10 |   0.0 |   421
           D:4 |       0 |     458 |   0.0 |       0 |      14 |   0.0 |  2033
           D:5 |       0 |     929 |   0.0 |       0 |      32 |   0.0 |  1381
           D:6 |       0 |     348 |   0.0 |       0 |      11 |   0.0 |  1458
           D:7 |       0 |    1293 |   0.0 |       0 |      21 |   0.0 |   890
           D:8 |       0 |     524 |   0.0 |       0 |       8 |   0.0 |   246
       Ossuary |       0 |     530 |   0.0 |       0 |      37 |   0.0 |  1487
               +---------+---------+-------+---------+---------+-------+---------
